AoeStats
← LazyOldMan

Arena

510293349Analyzed
1v1 RM · 1d ago on Sep 30, 2026· 32m 45s· 2 players
Game mode
Random Map
Map size
Tiny (2 player)
Population
200
Speed
Normal
Resources
Standard
Victory
Conquest
Starting age
Dark Age
Ending age
Imperial Age
RankedLock teamsTeams togetherTeam positionsShared explorationLock speedFull tech treeHidden civsTurbo modeCheats
Victory
Defeat
🇸🇪 Bohemians · Sweden
1040
+16
🇹🇷 Bohemians · Türkiye
1035
-16
JustClus
11:05 Feudal Age
10:21 Loom
15:01 Castle Age
13:23 Double-Bit Axe
13:36 Horse Collar
27:29 Imperial Age
27:35 Elite Skirmisher
28:42 Bow Saw
31:28 Padded Archer Armor
31:18 Fletching
34:04 Chemistry
LazyOldMan
4:59 Loom
10:44 Feudal Age
14:47 Castle Age
13:15 Double-Bit Axe
13:47 Horse Collar
15:39 Bow Saw
18:29 Fervor
26:12 Imperial Age
24:02 Heavy Plow
26:25 Chemistry
27:37 Conscription
28:20 Two-Man Saw
29:52 Wheelbarrow
30:49 Houfnice
32:24 Hand Cart
31:58 Town Watch
32:24 Fletching
33:06 Ballistics
32:36 Elite Hussite Wagon
Connection lost

Rejoining the realm…

Still unreachable

The connection could not be restored.

Session expired

The server has moved on; the page needs a fresh start.